 Dungeon Crawl Stone Soup version 0.23-a0-151-gf6d1ed2 (webtiles) character file.

14975 Inarius the Basher (level 12, -5/130 HPs)
             Began as an Ogre Hunter on Sept 7, 2018.
             Was a High Priest of Yredelemnul.
             Slain by Frances
             ... wielding a +4 long sword
              (24 damage)
             ... on level 12 of the Dungeon.
             The game lasted 00:47:23 (13876 turns).

Inarius the Basher (Ogre Hunter)                   Turns: 13876, Time: 00:47:31

Health: -5/130     AC:  8    Str: 23    XL:     12   Next: 22%
Magic:  17/17      EV: 16    Int: 12    God:    Yredelemnul [*****.]
Gold:   133        SH:  0    Dex:  9    Spells: 10/11 levels left

rFire    . . .     SeeInvis .   t - +2 giant spiked club
rCold    . . .     Gourm    .   (shield currently unavailable)
rNeg     + . .     Faith    +   P - +2 robe {rN+}
rPois    .         Spirit   .   (helmet restricted)
rElec    .         Reflect  .   L - +2 cloak "Xein" {Regen+}
rCorr    .         Harm     .   (gloves unavailable)
MR       ++...                  (boots unavailable)
Stlth    +.........             A - amulet of faith
HPRegen  0.71/turn              l - +5 ring of evasion
MPRegen  0.15/turn              w - ring of protection from magic

@: no status effects
A: large, unfitting armour, claws 1, tough skin 1, MP-powered wands
a: Recall Undead Slaves, Injury Mirror, Animate Dead, Drain Life, Enslave Soul,
Renounce Religion


You were on level 12 of the Dungeon.
You worshipped Yredelemnul.
Yredelemnul was extremely pleased with you.
You were not hungry.

You visited 1 branch of the dungeon, and saw 12 of its levels.

You collected 626 gold pieces.
You spent 493 gold pieces at shops.

Inventory:

Hand Weapons
 t - a +2 giant spiked club (weapon)
Missiles
 b - 14 javelins
 c - 12 large rocks
 d - a throwing net
 i - 391 stones (quivered)
 J - 4 tomahawks
Armour
 L - the +2 cloak "Xein" (worn) {Regen+}
   (You found it on level 9 of the Dungeon)

   It increases your rate of regeneration.
 O - a +2 robe of cold resistance
 P - a +2 robe of positive energy (worn)
Jewellery
 l - a +5 ring of evasion (left claw)
 m - an uncursed ring of see invisible
 q - an uncursed ring of positive energy
 w - a ring of protection from magic (right claw)
 A - an amulet of faith (around neck)
Wands
 a - a wand of random effects (52)
 g - a wand of flame (27)
 o - a wand of acid (5)
 y - a wand of enslavement (4)
 C - a wand of paralysis (15)
 F - a wand of digging (8)
 K - a wand of polymorph (31)
 M - a wand of iceblast (7)
 Q - a wand of disintegration (6)
Scrolls
 e - 2 scrolls of magic mapping
 h - 2 scrolls of immolation
 j - 11 scrolls of remove curse
 k - 2 scrolls of amnesia
 n - 8 scrolls of teleportation
 u - a scroll of fog
 B - 3 scrolls of enchant armour
 D - 2 scrolls of fear
 I - 2 scrolls of brand weapon {unknown}
Potions
 p - 2 potions of agility
 r - 2 potions of flight
 s - 2 potions of lignification
 v - a potion of might
 x - a potion of cancellation
 z - 3 potions of invisibility
 E - a potion of haste
 G - a potion of brilliance
 H - 3 potions of curing
Comestibles
 f - 24 rations


   Skills:
 * Level 11.1 Fighting
 * Level 12.3 Maces & Flails
 + Level 7.9 Throwing
 + Level 5.3 Dodging
 - Level 0.6 Stealth
 * Level 7.2 Invocations
 + Level 1.5 Evocations


You had 10 spell levels left.
You knew the following spells:

 Your Spells              Type           Power        Failure   Level  Hunger
a - Corona                Hex            #......      32%         1    ##.....

Your spell library contained the following spells:

 Spells                   Type           Power        Failure   Level  Hunger
 Beastly Appendage        Tmut           #.....       32%         1    ##.....
 Poisonous Vapours        Pois/Air       #.....       45%         2    ###....
 Slow                     Hex            #.......     45%         2    ###....
 Sticks to Snakes         Tmut           #.......     45%         2    ###....
 Conjure Flame            Conj/Fire      #.......     69%         3    ####...
 Inner Flame              Hex/Fire       #.......     69%         3    ####...
 Mephitic Cloud           Conj/Pois/Air  #.......     69%         3    ####...
 Portal Projectile        Hex/Tloc       #.....       69%         3    ####...
 Spider Form              Tmut/Pois      #.........   69%         3    ####...
 Cause Fear               Hex            #.........   97%         4    #####..
 Ice Form                 Ice/Tmut       #.......     97%         4    #####..
 Leda's Liquefaction      Hex/Erth       #.........   97%         4    #####..
 Blade Hands              Tmut           #.........   100%        5    ######.
 Freezing Cloud           Conj/Ice/Air   #.........   100%        6    #######
 Ring of Flames           Chrm/Fire      #.........   100%        7    #######


Dungeon Overview and Level Annotations

Branches:
Dungeon (12/15)            Temple (0/1) D:7            Lair (0/6) D:11
    Orc: D:9-12

Altars:
Ashenzari
Kikubaaqudgha
Xom
Yredelemnul

Shops:
D:6 ((?(   D:8 :   D:9 =

Portals:
Trove: D:10 (show slimy rune of Zot)

Annotations:
D:5 3 runed doors, derval's ghost, novice GnSu
D:9 2 runed doors, derval's ghost, novice GnTm
D:12 Frances


Innate Abilities, Weirdness & Mutations

You are too large for most types of armour.
You have tough skin. (AC +1)
You have sharp fingernails.
You expend magic power (3 MP) to strengthen your wands.


Message History

* * * LOW HITPOINT WARNING * * *
The ufetubus misses you. The ufetubus closely misses you.
Frances closely misses you. The ufetubus barely misses you.
The ufetubus misses you. The ynoxinul barely misses you.
The ufetubus hits your kobold zombie. x2
Unknown command.
Unknown command.
Fire/throw which item? (* to show all) (? for menu, Esc to quit)
Press: ? - help, Shift-Dir - straight line, f/p - Frances
Aim: Frances, wielding an enchanted long sword and wearing a ring mail
Okay, then.
Unknown command.
You swap places.
The ufetubus hits your kobold zombie.
Your kobold zombie is destroyed!
The ufetubus closely misses you.
The ufetubus hits you but does no damage.
The ynoxinul gestures.
Frances hits you with an enchanted long sword!!
You die...
Your body rises from the dead as a mindless zombie.

......#....ZZZ......#
#..#.#..#########)#
.#...#.# #.# #...#.#
.# #...#.# #..#.#..#
#...#...# #..#.#5Z#
#.#...#@# #.#...#@#
.....5.34(4....
################


You could see Frances, an ice devil, a ynoxinul, an ufetubus and a friendly
kobold zombie.

Vanquished Creatures
  Josephine (D:10)
  A two-headed ogre (D:8)
  Erica (D:11)
  Urug (D:11)
  An unseen horror (D:11)
  An ugly thing (D:11)
  A manticore (D:11)
  2 cyclopes (D:11)
  A troll (D:9)
  2 hornets
  3 hippogriffs
  A wyvern (D:10)
  A basilisk (D:11)
  3 wraiths
  A steam dragon (D:10)
  9 yaks (D:11)
  A hungry ghost (D:8)
  Menkaure (D:6)
  Edmund (D:5)
  3 porcupines
  A water moccasin (D:9)
  3 black bears
  2 sky beasts
  An eye of draining (D:9)
  An orc warrior (D:10)
  An ice beast (D:7)
  5 ogres
  5 centaurs
  A necrophage (D:6)
  A wolf (D:9)
  A crocodile (D:11)
  A big kobold (D:12)
  10 bullfrogs
  8 scorpions
  A wyvern skeleton (D:9)
  3 killer bees (D:11)
  3 wights
  A howler monkey (D:4)
  2 centaur zombies
  4 crimson imps
  A bullfrog zombie (D:7)
  2 quasits
  6 jellies
  4 orc priests
  A black bear zombie (D:11)
  A bullfrog skeleton (D:6)
  3 centaur skeletons
  2 hounds
  4 orc wizards
  5 iguanas
  Terence (D:2)
  Ijyb (D:3)
  Natasha (thrice) (D:3 D:7)
  7 worker ants
  2 hound zombies
  2 hound skeletons
  A howler monkey zombie (D:11)
  2 worker ant zombies
  Robin (D:3)
  A howler monkey skeleton (D:11)
  6 adders
  2 shadow imps
  10 oozes
  An adder skeleton (D:7)
  2 worms
  A dart slug (D:2)
  5 leopard geckos
  19 orcs
  3 bats
  2 giant cockroaches
  2 gnoll zombies (D:2)
  17 goblins
  13 hobgoblins
  14 jackals
  4 quokkas
  3 ball pythons
  6 frilled lizards
  A jackal skeleton (D:7)
  20 kobolds
  A leopard gecko zombie (D:6)
  6 rats
  A plant (D:11)
280 creatures vanquished.

Vanquished Creatures (collateral kills)
  A two-headed ogre (D:8)
  A hornet (D:10)
  2 wraiths (D:10)
  A basilisk (D:11)
  A soldier ant (D:8)
  A sky beast (D:11)
  An orc warrior (D:11)
  A black bear (D:11)
  A phantom (D:9)
  An ogre (D:10)
  A big kobold (D:10)
  3 killer bees (D:11)
  6 wights
  An orc priest (D:11)
  A worker ant zombie (D:5)
  A leopard gecko (D:8)
  An orc (D:11)
  2 kobolds (D:10)
27 creatures vanquished.

Vanquished Creatures (others)
  A wraith (D:11)
  3 yak zombies (D:11)
  3 wights
  A bullfrog zombie (D:10)
  A black bear skeleton (D:6)
  A big kobold zombie (D:10)
  An adder zombie (D:11)
  3 orc zombies
  A jackal zombie (D:4)
  4 kobold zombies
  2 orc skeletons
  6 fungi
  11 plants (D:11)
  6 toadstools (D:4)
44 creatures vanquished.

Grand Total: 351 creatures vanquished

Notes
Turn   | Place    | Note
-------+----------+-------------------------------------------
     0 | D:1      | Inarius the Ogre Hunter began the quest for the Orb.
     0 | D:1      | Reached XP level 1. HP: 22/22 MP: 1/1
   370 | D:1      | Reached XP level 2. HP: 25/29 MP: 2/2
   560 | D:1      | Found a shattered altar of Ashenzari.
  1057 | D:1      | Found an ancient bone altar of Kikubaaqudgha.
  1447 | D:2      | Reached XP level 3. HP: 30/37 MP: 3/3
  1867 | D:2      | Noticed Terence
  1889 | D:2      | Gained mutation: You expend magic power (3 MP) to
                  | strengthen your wands. [potion of mutation]
  1889 | D:2      | Gained mutation: You have sharp fingernails. [potion of
                  | mutation]
  1895 | D:2      | Killed Terence
  1895 | D:2      | Reached skill level 1 in Maces & Flails
  1895 | D:2      | Reached XP level 4. HP: 7/48 MP: 4/4
  2282 | D:2      | Found a basalt altar of Yredelemnul.
  2306 | D:2      | Became a worshipper of Yredelemnul the Dark
  2760 | D:3      | Found a shimmering altar of Xom.
  2776 | D:3      | Noticed Ijyb
  2780 | D:3      | Killed Ijyb
  2780 | D:3      | Reached skill level 5 in Throwing
  2780 | D:3      | Reached XP level 5. HP: 54/54 MP: 5/5
  2985 | D:3      | Reached skill level 2 in Maces & Flails
  3308 | D:3      | Noticed Natasha
  3318 | D:3      | Killed Natasha
  3656 | D:3      | Noticed Robin
  3667 | D:3      | Killed Robin
  3791 | D:3      | Noticed Natasha
  3802 | D:3      | Killed Natasha
  3802 | D:3      | Reached XP level 6. HP: 36/63 MP: 6/6
  4069 | D:4      | Reached skill level 3 in Maces & Flails
  4517 | D:4      | Reached * piety under Yredelemnul
  4657 | D:4      | Reached skill level 5 in Fighting
  4668 | D:4      | Reached XP level 7. HP: 55/72 MP: 7/7
  4956 | D:4      | Reached skill level 4 in Maces & Flails
  5488 | D:4      | Reached skill level 1 in Invocations
  5779 | D:5      | Entered Level 5 of the Dungeon
  5783 | D:5      | Reached skill level 5 in Maces & Flails
  5851 | D:5      | Reached XP level 8. HP: 81/81 MP: 9/9
  5884 | D:5      | Reached ** piety under Yredelemnul
  6098 | D:5      | Noticed Edmund
  6104 | D:5      | Killed Edmund
  6104 | D:5      | Reached skill level 6 in Maces & Flails
  6134 | D:5      | Found a runed gate.
  6134 | D:5      | Found a runed gate.
  6134 | D:5      | Found a runed gate.
  6134 | D:5      | Noticed derval's ghost (novice GnSu)
  6620 | D:6      | Reached skill level 7 in Maces & Flails
  6791 | D:6      | Found Liecoilo's Weapon Emporium.
  7001 | D:6      | Found Xodghudi's Magic Scroll Shoppe.
  7012 | D:6      | Bought a scroll of enchant weapon for 82 gold pieces
  7012 | D:6      | Bought a scroll of enchant armour for 82 gold pieces
  7012 | D:6      | Bought a scroll of blinking for 82 gold pieces
  7012 | D:6      | Bought a scroll of enchant armour for 82 gold pieces
  7069 | D:6      | Found Alossof's Antique Weapon Boutique.
  7125 | D:6      | Reached XP level 9. HP: 91/92 MP: 11/11
  7127 | D:6      | Noticed Menkaure
  7130 | D:6      | Killed Menkaure
  7424 | D:6      | Found Zeezic's Weapon Shop.
  7513 | D:7      | Noticed a hornet
  7518 | D:7      | Paralysed by a hornet for 2 turns
  7522 | D:7      | Killed a hornet
  7788 | D:7      | Noticed Natasha
  7793 | D:7      | Killed Natasha
  7878 | D:7      | Found a staircase to the Ecumenical Temple.
  7993 | D:7      | Reached skill level 8 in Maces & Flails
  8443 | D:8      | Reached *** piety under Yredelemnul
  8518 | D:8      | Noticed a two-headed ogre
  8526 | D:8      | Noticed a two-headed ogre
  8534 | D:8      | Found Zeodgh's Book Shoppe.
  8706 | D:8      | Reached skill level 9 in Maces & Flails
  8765 | D:8      | Killed a two-headed ogre
  8765 | D:8      | Reached XP level 10. HP: 27/106 MP: 13/13
  9151 | D:8      | Learned a level 1 spell: Corona
  9257 | D:8      | Killed a two-headed ogre
  9505 | D:9      | Reached skill level 5 in Invocations
  9761 | D:9      | Reached skill level 10 in Maces & Flails
  9815 | D:9      | Identified the +2 cloak "Xein" {Regen+} (You found it on
                  | level 9 of the Dungeon)
 10022 | D:9      | Found an ancient bone altar of Kikubaaqudgha.
 10131 | D:9      | Found Fonaoppo's Jewellery Shop.
 10139 | D:9      | Bought an uncursed ring of see invisible for 165 gold
                  | pieces
 10259 | D:9      | Found a large runed door.
 10260 | D:9      | Found a large runed door.
 10262 | D:9      | Noticed derval's ghost (novice GnTm)
 10417 | D:9      | Reached **** piety under Yredelemnul
 10627 | D:10     | Entered Level 10 of the Dungeon
 10662 | D:10     | Reached skill level 1 in Evocations
 10681 | D:10     | Received a gift from Yredelemnul (a wight)
 10789 | D:10     | Found a portal to a secret trove of treasure.
 10897 | D:10     | Reached XP level 11. HP: 101/115 MP: 15/15
 11515 | D:11     | Noticed a cyclops
 11607 | D:11     | Noticed Josephine
 11683 | D:11     | Killed a cyclops
 11731 | D:11     | Noticed a cyclops
 11738 | D:11     | Killed a cyclops
 11873 | D:11     | Noticed a manticore
 11884 | D:11     | Killed a manticore
 11884 | D:11     | Reached skill level 11 in Maces & Flails
 12021 | D:11     | Reached skill level 10 in Fighting
 12117 | D:11     | Noticed Erica
 12119 | D:11     | Killed Erica
 12342 | D:11     | Noticed an unseen horror
 12577 | D:11     | Killed an unseen horror
 12590 | D:10     | Killed Josephine
 12590 | D:10     | Reached skill level 5 in Dodging
 12646 | D:10     | Received a gift from Yredelemnul (a wight)
 12769 | D:11     | Noticed Urug
 12780 | D:11     | Killed Urug
 12849 | D:11     | Found a staircase to the Lair.
 12852 | D:11     | Noticed a brown ugly thing
 12861 | D:11     | Killed a brown ugly thing
 12861 | D:11     | Reached XP level 12. HP: 106/128 MP: 17/17
 12906 | D:11     | Received a gift from Yredelemnul (a wraith)
 12968 | D:11     | Reached ***** piety under Yredelemnul
 12987 | D:11     | Reached skill level 12 in Maces & Flails
 13411 | D:11     | Got a bloodstained long sword
 13412 | D:11     | Identified the cursed +1 long sword of the Sugar Beet
                  | {drain, Int+3} (You found it on level 11 of the Dungeon)
 13867 | D:12     | Noticed Frances
 13876 | D:12     | Slain by Frances

Vault maps used:
D:1:      dpeg_arrival_lava_altar, nicolae_ashenzari_panopticon
D:2:      lemuel_zombie_altar_yredelemnul, uniq_terence
D:3:      xom_teletrap_fun, uniq_ijyb, uniq_robin, uniq_natasha
D:4:      cheibrodos_fertilizer
D:5:      gammafunk_ghost_split, first_ration, uniq_edmund
D:6:      lemuel_ice_spiral_2, serial_shops, shop, nicolae_shop_trees, shop,
          shop, uniq_menkaure
D:7:      temple_doors_e
D:8:      serial_shops, nicolae_shop_behind_doors, hangedman_pestilent_swarm
D:9:      basic_altar, serial_column_ruins, column_ruins_square_medium,
          column_ruins_hut, column_ruins_open_tiny, column_ruins_grid_1,
          column_ruins_corridor_straight, column_ruins_open_small, serial_shops,
          shop, ebering_ghost_disaster_area, hangedman_abyss_or_decor_passed
D:10:     nicolae_trove_entry_crossroad
D:11:     minmay_lair_entry_grove, uniq_urug, uniq_erica, uniq_josephine
D:12:     minmay_guarded_unrand_guard, orc_0_dummy, nicolae_twisting_strands,
          uniq_frances, uniq_nergalle

Skill      XL: |  1  2  3  4  5  6  7  8  9 10 11 12 |
---------------+-------------------------------------+-----
Fighting       | 3 4 5 6 8 9 10 11 | 11.1
Dodging        | 2 3 4 5 |  5.3
Maces & Flails | 1 2 3 5 7 9 10 11 12 | 12.3
Throwing       | 5 6 7 |  7.9
Invocations    | 1 3 4 5 7 |  7.2
Evocations     | 1 |  1.5
Stealth        | |  0.6

Action                   |  1- 3 |  4- 6 |  7- 9 | 10-12 || total
-------------------------+-------+-------+-------+-------++-------
Melee: Short sword       |   148 |       |       |       ||   148
       Flail             |       |    99 |       |       ||    99
       Giant spiked club |       |    38 |   245 |   338 ||   621
Throw: Stone             |    52 |    73 |   108 |   127 ||   360
       Large rock        |     2 |     7 |    13 |    49 ||    71
       Throwing net      |       |       |     1 |       ||     1
       Tomahawk          |       |       |       |     7 ||     7
       Javelin           |       |       |       |     4 ||     4
Invok: Animate Remains   |       |       |    14 |       ||    14
       Recall Undead Sla |       |       |     2 |     3 ||     5
       Animate Dead      |       |       |       |    15 ||    15
Evoke: Wand              |       |     1 |     2 |    15 ||    18
  Use: Potion            |     3 |       |       |     1 ||     4
       Scroll            |       |    11 |    13 |    11 ||    35
 Stab: Sleeping          |     1 |       |     2 |       ||     3
       Distracted        |       |       |     1 |     3 ||     4
  Eat: Chunk             |     3 |     9 |    14 |    18 ||    44
       Ration            |       |       |     1 |     1 ||     2
Armor: Robe              |    34 |    13 |       |    78 ||   125
       Animal skin       |       |    11 |    57 |    28 ||    96
Dodge: Dodged            |    86 |   121 |   260 |   437 ||   904

Table legend:
 A = Non-vault XP
 B = Vault XP
 C = Vault XP percentage of total XP
 D = Non-vault monster count
 E = Vault monster count
 F = Vault count percentage of total count
                 A         B        C        D         E       F
            +---------+---------+-------+---------+---------+-------
      Total |   15346 |    6047 |  28.3 |     245 |      60 |  19.7
            +---------+---------+-------+---------+---------+-------
        D:1 |      33 |       0 |   0.0 |      22 |       0 |   0.0
        D:2 |      60 |      40 |  40.0 |      28 |       3 |   9.7
        D:3 |     102 |     108 |  51.4 |      12 |      15 |  55.6
        D:4 |     501 |     187 |  27.2 |      22 |      17 |  43.6
        D:5 |     485 |     149 |  23.5 |       9 |       1 |  10.0
        D:6 |     823 |     172 |  17.3 |      17 |       1 |   5.6
        D:7 |    1007 |       0 |   0.0 |      22 |       0 |   0.0
        D:8 |    2626 |     414 |  13.6 |      13 |       4 |  23.5
        D:9 |    1995 |     110 |   5.2 |      26 |       1 |   3.7
       D:10 |    1563 |    1773 |  53.1 |      29 |       5 |  14.7
       D:11 |    5578 |    3094 |  35.7 |      36 |      13 |  26.5
       D:12 |     573 |       0 |   0.0 |       9 |       0 |   0.0
            +---------+---------+-------+---------+---------+-------
